 Dungeon Crawl Stone Soup version 0.24.1-8-ga250c9d538 (webtiles) character file.

Game seed: 9123152476586146828, levelgen mode: deterministic

258 lepoulpe303 the Chopper (level 5, -5/49 HPs)
             Began as a Deep Dwarf Fighter on Apr 28, 2020.
             Killed by divine providence
             ... invoked by an orc priest
              (13 damage)
             ... on level 3 of the Dungeon.
             The game lasted 00:10:19 (2209 turns).

lepoulpe303 the Chopper (Deep Dwarf Fighter)        Turns: 2209, Time: 00:10:19

Health: -5/49      AC:  8    Str: 24    XL:     5   Next: 94%
Magic:  4/4        EV:  7    Int:  9    God:
Gold:   200        SH: 10    Dex: 12    Spells: 4/4 levels left

rFire    . . .     SeeInvis .   a - +0 war axe
rCold    + . .     Gourm    .   c - +0 shield
rNeg     . . .     Faith    .   b - +0 scale mail
rPois    .         Spirit   .   (no helmet)
rElec    .         Reflect  .   (no cloak)
rCorr    .         Harm     .   n - +0 pair of gloves
MR       .....                  (no boots)
Stlth    ..........             (no amulet)
HPRegen  0.00/turn              r - +4 ring of strength
MPRegen  0.09/turn              I - ring of protection from cold

@: non-regenerating
A: damage resistance, heal wounds, sense surroundings 1, no regeneration
a: Heal Wounds


You were on level 3 of the Dungeon.
You were not hungry.

You visited 1 branch of the dungeon, and saw 3 of its levels.

You collected 200 gold pieces.

Inventory:

Hand Weapons
 a - a +0 war axe (weapon)
Missiles
 s - 5 poisoned darts (quivered)
Armour
 b - a +0 scale mail (worn)
 c - a +0 shield (worn)
 n - a +0 pair of gloves (worn)
Jewellery
 r - a +4 ring of strength (left hand)
 u - a +5 ring of dexterity {unknown}
 I - a ring of protection from cold (right hand)
Scrolls
 f - a scroll of magic mapping {unknown}
 h - a scroll of teleportation {unknown}
 i - 2 scrolls of identify
 j - a scroll of immolation {unknown}
 l - a scroll of fog {unknown}
 p - a scroll of enchant weapon {unknown}
 t - a scroll of enchant armour {unknown}
Potions
 d - a potion of might
 g - a potion of flight {unknown}
 m - a potion of heal wounds {unknown}
 o - 2 potions of agility
 q - 3 potions of curing
Comestibles
 e - 5 rations
 k - 2 chunks of flesh


   Skills:
 + Level 3.6 Fighting
 * Level 4.6 Axes
 + Level 4.3 Armour
 + Level 4.4 Shields


You had 4 spell levels left.
You didn't know any spells.
Your spell library contained the following spells:

 Spells                   Type           Power        Failure   Level  Hunger
 Confusing Touch          Hex            #.....       98%         1    ##.....
 Confuse                  Hex            #.......     100%        3    ####...
 Gell's Gravitas          Tloc           #.........   100%        3    ####...
 Petrify                  Tmut/Erth      #.......     100%        4    #####..
 Metabolic Englaciation   Hex/Ice        #.........   100%        5    ######.
 Yara's Violent Unravell  Hex/Tmut       #.........   100%        5    ######.


Dungeon Overview and Level Annotations

Branches:
Dungeon (3/15)

Altars:
Dithmenos
Hepliaklqana
The Shining One


Innate Abilities, Weirdness & Mutations

You are resistant to damage.
You can heal yourself by infusing magical energy.
You passively map a small area around you.
You do not regenerate.


Message History

The orc wizard hits you with a +0 dagger.
The orc priest looks braver for a moment.
You closely miss the orc wizard.
The orc wizard hits you but does no damage.
You closely miss the orc priest. You miss the orc wizard.
The orc wizard hits you with a +0 dagger.
The orc priest mumbles some strange prayers to Beogh against you.
You struggle to resist.
The orc wizard gestures at you while chanting.
The puff of flame hits you.
* * * LOW HITPOINT WARNING * * *
You take 2 damage, and have 12/49 hp.
You closely miss the orc priest. You hit the orc wizard.
The orc priest hits you but does no damage.
The orc wizard gestures at you while chanting.
The magic dart hits you.
* * * LOW HITPOINT WARNING * * *
The orc priest invokes the aid of Beogh against you.
Beogh smites you!
You die...

#.................... ,
######....................
,
.....+....................
,
#.####..............(.....
,
#.#.................(...8S
#.#.#####.#....)....%.....,
................).(((...8.,
,
#.#.............oo........,
#.########......@.......8.
#...........##..###(((....
#########.#.##..# ..(....
.. ......#.##..# ....... ,
## #....รท....# ....... ,
#.###.##.## ..... #.*
#.##)# * #. #..#.# ###### ,
* #. ##.#.# #....# ,, *


You could see an orc priest and an orc wizard.

Levels and vault maps discovered:
D:1:      psy_arrival_heroes, layout_rooms, minivault_4, tso_metal_star
D:2:      layout_rooms, lemuel_coloured_pillars_altar, nicolae_underground_beach
D:3:      layout_basic, eat_drink_and_be_merry_uskayaw,
          nicolae_overflow_crystal_walls, first_ration,
          minmay_increasing_density

Notes
Turn   | Place    | Note
-------+----------+-------------------------------------------
     0 | D:1      | lepoulpe303 the Deep Dwarf Fighter began the quest for the
                  | Orb.
     0 | D:1      | Reached XP level 1. HP: 20/20 MP: 1/1
    83 | D:1      | Found a glowing golden altar of the Shining One.
    83 | D:1      | Identified a cursed -1 dagger
   111 | D:1      | Identified a cursed -3 club
   113 | D:1      | Identified a cursed -2 hand axe
   251 | D:1      | Identified a +0 short sword
   257 | D:1      | Reached XP level 2. HP: 20/27 MP: 2/2
   664 | D:1      | Identified a +0 club
   819 | D:2      | Identified a +0 club
   887 | D:2      | Reached skill level 3 in Axes
   887 | D:2      | Reached XP level 3. HP: 24/33 MP: 3/3
   890 | D:2      | Identified a +0 dagger
   924 | D:1      | Reached skill level 3 in Fighting
  1054 | D:2      | Identified a +0 dagger
  1237 | D:2      | Identified a cursed -1 club
  1297 | D:2      | Reached XP level 4. HP: 22/42 MP: 4/4
  1308 | D:2      | Found a hazy altar of Hepliaklqana.
  1315 | D:2      | Identified 4 scrolls of identify
  1315 | D:2      | Identified a ring of strength (You found it on level 2 of
                  | the Dungeon)
  1317 | D:2      | Identified a ring of protection from cold (You found it on
                  | level 1 of the Dungeon)
  1453 | D:2      | Identified a +0 dagger
  1468 | D:2      | Identified a +0 pair of gloves (You found it on level 2 of
                  | the Dungeon)
  1566 | D:2      | Reached skill level 4 in Shields
  1638 | D:2      | Identified a +0 club
  1804 | D:3      | Identified a +0 dagger
  1806 | D:3      | Identified a +0 club
  1807 | D:3      | Reached skill level 4 in Armour
  1807 | D:3      | Identified a +0 dagger
  1807 | D:3      | Identified a +0 robe
  1810 | D:3      | HP: 10/42 [orc priest/divine providence (11)]
  1811 | D:3      | Reached skill level 4 in Axes
  1811 | D:3      | Reached XP level 5. HP: 12/49 MP: 5/5
  1816 | D:3      | HP: 11/49 [orc wizard/+0 dagger (1)]
  1825 | D:3      | HP: 7/49 [something (3)]
  1857 | D:3      | Identified a +0 whip
  1857 | D:3      | Identified a +0 leather armour
  1857 | D:3      | Identified a +0 club
  1857 | D:3      | Identified a cursed +0 leather armour
  1857 | D:3      | Identified a +0 dagger
  1857 | D:3      | Identified a +0 robe
  1857 | D:3      | Identified a +0 dagger
  1857 | D:3      | Identified a +0 robe
  1927 | D:3      | Identified a cursed -1 dagger
  1951 | D:3      | Found a shadowy altar of Dithmenos.
  1952 | D:3      | Identified a +0 whip
  1954 | D:3      | Identified a +0 falchion
  1990 | D:3      | Identified 3 potions of curing
  2053 | D:3      | Identified a +0 leather armour
  2142 | D:3      | HP: 11/49 [orc wizard/magic dart (4)]
  2195 | D:3      | Identified a +0 hand axe
  2208 | D:3      | HP: 12/49 [orc wizard/puff of flame (2)]
  2209 | D:3      | Killed from afar by an orc priest

Table legend:
 A = Turns spent in this place as a percentage of turns spent in the entire game.
 B = Non-inter-level travel turns spent in this place as a percentage of non-inter-level travel turns spent in the entire game.
 C = Inter-level travel turns spent in this place as a percentage of turns spent in this place.
 D = Turns resting spent in this place as a percentage of non-inter-level travel turns spent in this place.
 E = Turns spent auto-exploring this place as a percentage of non-inter-level travel turns spent in this place.
 F = Non-inter-level travel turns spent in this place divided by the number of levels of this place that you've seen.
                   A       B       C       D       E      F
               +-------+-------+-------+-------+-------+----------------------
         Total | 100.0 | 100.0 |   4.1 |  22.2 |  44.6 | 706.3
       Dungeon | 100.0 | 100.0 |   4.1 |  22.2 |  44.6 | 706.3
               +-------+-------+-------+-------+-------+----------------------

Table legend:
 A = Kills in this place as a percentage of kills in entire the game.
 B = Kills by you in this place as a percentage of kills by you in the entire game.
 C = Kills by friends in this place as a percentage of kills by friends in the entire game.
 D = Other kills in this place as a percentage of other kills in the entire game.
 E = Experience gained in this place as a percentage of experience gained in the entire game.
 F = Experience gained in this place divided by the number of levels of this place that you have seen.
                   A       B       C       D       E      F
               +-------+-------+-------+-------+-------+----------------------
         Total | 100.0 | 100.0 |   N/A |   N/A | 100.0 | 123.0
       Dungeon | 100.0 | 100.0 |   N/A |   N/A | 100.0 | 123.0
               +-------+-------+-------+-------+-------+----------------------

Skill      XL: |  1  2  3  4 |
---------------+-------------+-----
Axes           | 3 4 |  4.6
Fighting       | 3 |  3.6
Shields        | 4 |  4.4
Armour         | 4 |  4.3

Action                   |  1- 3 |  4- 6 || total
-------------------------+-------+-------++-------
Melee: War axe           |   117 |    83 ||   200
Throw: Dart              |       |    20 ||    20
 Abil: Heal Wounds       |       |     2 ||     2
  Use: Scroll            |       |     3 ||     3
  Eat: Chunk             |     1 |     4 ||     5
Armor: Scale mail        |    89 |    40 ||   129
Dodge: Dodged            |    44 |    20 ||    64
Block: Shield            |    76 |    38 ||   114

Vanquished Creatures
  A hound (D:2)
  2 orc wizards (D:3)
  An orc priest (D:3)
  3 gnolls (D:3)
  6 adders
  A dart slug (D:1)
  A leopard gecko (D:2)
  5 orcs (D:3)
  10 bats
  2 giant cockroaches
  5 hobgoblins
  11 kobolds
  A quokka (D:2)
  2 frilled lizards (D:2)
  6 goblins
  3 rats
60 creatures vanquished.
